 Dungeon Crawl Stone Soup version 0.22-a0-367-gb72a975 (webtiles) character file.

6 khargal the Slasher (level 1, 5/17 HPs)
             Began as a Draconian Gladiator on Apr 22, 2018.
             Quit the game on level 1 of the Dungeon.
             The game lasted 00:00:29 (276 turns).

khargal the Slasher (Draconian Gladiator)            Turns: 276, Time: 00:00:30

Health: 5/17       AC:  4    Str: 16    XL:     1   Next: 75%
Magic:  1/1        EV: 13    Int:  8    God:
Gold:   8          SH:  0    Dex: 12    Spells: 0/0 levels left

rFire    . . .     SeeInvis .   a - +0 long sword
rCold    . . .     Gourm    .   (no shield)
rNeg     . . .     Faith    .   (armour unavailable)
rPois    .         Spirit   .   b - +0 hat
rElec    .         Reflect  .   (no cloak)
rCorr    .         Harm     .   (no gloves)
MR       .....                  (no boots)
Stlth    +.........             (no amulet)
HPRegen  0.05/turn              (no ring)
MPRegen  0.07/turn              (no ring)

@: no status effects
A: unfitting armour, cold-blooded, AC +4
a: no special abilities


You were on level 1 of the Dungeon.
You were not hungry.

You visited 1 branch of the dungeon, and saw 1 of its levels.

You collected 8 gold pieces.

Inventory:

Hand Weapons
 a - a +0 long sword (weapon)
Missiles
 c - 3 throwing nets (quivered)
Armour
 b - a +0 hat (worn)
Scrolls
 g - a scroll of remove curse {unknown}
 h - a scroll of enchant weapon {unknown}
 i - a scroll of identify {unknown}
Potions
 e - a potion of heal wounds {unknown}
 j - a potion of flight {unknown}
Comestibles
 d - 3 rations
 f - 4 chunks of flesh


   Skills:
 + Level 2.3 Fighting
 + Level 3.1 Long Blades
 - Level 1.8 Throwing
 + Level 2.9 Dodging


You couldn't memorise any spells.
You didn't know any spells.

Dungeon Overview and Level Annotations

Branches:
Dungeon (1/15)

Altars:


Innate Abilities, Weirdness & Mutations

Your plain brown scales are hard. (AC +4)
You cannot fit into any form of body armour.
You are cold-blooded and may be slowed by cold attacks.


Message History

You are too injured to fight recklessly!
You are too injured to fight recklessly!
You are too injured to fight recklessly!
You are too injured to fight recklessly!
You are too injured to fight recklessly!
You are too injured to fight recklessly!
You are too injured to fight recklessly!
You are too injured to fight recklessly!
You are too injured to fight recklessly!
The kobold misses you.
You closely miss the kobold.
The kobold is severely wounded.
The kobold hits you with a club.
* * * LOW HITPOINT WARNING * * *
You slash the kobold!
You kill the kobold!
Things that are here:
a club; a stone There isn't anything to butcher here.
Are you sure you want to abandon this character and quit the game? (Confirm with "yes".)

.####......... ##.#
P..........# #.# #..#
.##.....##.# #.# #.##
.##.###.## #.# #.#
..♣.♣ #..# #.# ###.#
#.#.###..# ##.###
♣...# #.♣.♣....# ....
♣##### #.#.#.##.#
###.### ♣.....
#.♣.♣.##.# #..@..#
♣.....
#.#.#.##.#####.....#♣
♣.####
#.♣.♣.##..(((.......♣
♣.....
#.#...##.#####.....##
♣####.
#.###...(..........#
#.
.........###########
## ########## # # #


There were no monsters in sight!

Vanquished Creatures
  2 bats (D:1)
  A giant cockroach (D:1)
  A goblin (D:1)
  2 kobolds (D:1)
  A rat (D:1)
7 creatures vanquished.

Notes
Turn   | Place    | Note
-------+----------+-------------------------------------------
     0 | D:1      | khargal the Draconian Gladiator began the quest for the Orb.
     0 | D:1      | Reached XP level 1. HP: 17/17 MP: 1/1
   276 | D:1      | Quit the game

Vault maps used:
D:1:      saegor_arrival_simple_c, serial_forest, infiniplex_forest_pool,
          infiniplex_forest_side_room, infiniplex_forest_lined_room_2,
          infiniplex_forest_clump_diagonal, infiniplex_forest_lined_2,
          infiniplex_forest_clump_double, infiniplex_forest_clump_small,
          infiniplex_forest_corner_1, infiniplex_forest_lined_1,
          grunt_decor_fettered, minivault_11

Action                   || total
-------------------------++-------
Melee: Long sword        ||    20
       Tailslap          ||     3
Armor: Skin              ||    13
Dodge: Dodged            ||    20
       Rpst.: Long sword ||     7

Table legend:
 A = Spawn XP
 B = Non-spawn XP
 C = Spawn XP percentage of total XP
 D = Spawn monster count
 E = Non-spawn monster count
 F = Spawn count percentage of total count
 G = Total turns spent on level
                    A         B        C        D         E        F      G
               +---------+---------+-------+---------+---------+-------+---------
         Total |       0 |       9 |   0.0 |       0 |       7 |   0.0 |   276
               +---------+---------+-------+---------+---------+-------+---------
           D:1 |       0 |       9 |   0.0 |       0 |       7 |   0.0 |   276
               +---------+---------+-------+---------+---------+-------+---------
